SL
THUNDER BAY NORTHERN LIONS BC @ SEATTLE AVIATORS
05/12/2032
 
TOP OF THE 1ST
Thunder Bay Northern Lions BC batting - Pitching for Seattle Aviators : LHP Shigemasa Horiuchi
Pitching: LHP Shigemasa Horiuchi
Batting: RHB Ricardo Téllez 0-0: Called Strike
0-1: Called Strike
0-2: Strikes out swinging
Batting: RHB Joe Aller 0-0: Called Strike
0-1: Foul Ball, location: 2F
0-2: Ball
1-2: Fly out, F6 (Line Drive, 6)
Batting: RHB António Mendoza 0-0: Called Strike
0-1: Ball
1-1: Ball
2-1: Ball
3-1: Base on Balls
Batting: LHB David Smith 0-0: Ball
1-0: Foul Ball, location: 2F
1-1: Foul Ball, location: 2F
1-2: DOUBLE (Line Drive, 7LS)
António Mendoza to third
Runner from 3rd tries for Home, throw and OUT!
Top of the 1st over - 0 runs, 1 hit, 0 errors, 1 left on base; Thunder Bay 0 - Seattle 0
BOTTOM OF THE 1ST
Seattle Aviators batting - Pitching for Thunder Bay Northern Lions BC : RHP Armando Marrero
Pitching: RHP Armando Marrero
Batting: RHB Alfredo Méndez 0-0: Swinging Strike
0-1: Ball
1-1: Ground out 5-3 (Groundball, 56)
Batting: RHB Albert Zamudio 0-0: Ball
1-0: Foul Ball, location: 2F
1-1: Called Strike
1-2: Ground out 4-3 (Groundball, 34)
Batting: LHB Yoichibei Sato 0-0: Foul Ball, location: 2F
0-1: Ball
1-1: Ball
2-1: Ball
3-1: Base on Balls
Batting: LHB Kenny Webster 0-0: Ball
1-0: Called Strike
1-1: Ball
2-1: Ground out 4-3 (Groundball, 4)
Bottom of the 1st over - 0 runs, 0 hits, 0 errors, 1 left on base; Thunder Bay 0 - Seattle 0
TOP OF THE 2ND
Thunder Bay Northern Lions BC batting - Pitching for Seattle Aviators : LHP Shigemasa Horiuchi
Batting: RHB Denis Higgins 0-0: SINGLE (Line Drive, 4D)
Batting: LHB Luis Freitas 0-0: Ground out U3 (Groundball, 3)
Denis Higgins to second
Batting: RHB Bartolo Morales 0-0: Called Strike
0-1: Fly out, F8 (Flyball, 8LM)
Batting: RHB Edgar Balerio 0-0: Called Strike
0-1: Ball
1-1: Foul Ball, location: 2F
1-2: Fly out, F4 (Popup, 4M)
Top of the 2nd over - 0 runs, 1 hit, 0 errors, 1 left on base; Thunder Bay 0 - Seattle 0
BOTTOM OF THE 2ND
Seattle Aviators batting - Pitching for Thunder Bay Northern Lions BC : RHP Armando Marrero
Batting: RHB John Downing 0-0: Called Strike
0-1: Ball
1-1: Foul Ball, location: 2F
1-2: Ball
2-2: Fly out, F8 (Flyball, 78M)
Batting: LHB Pedro Corona 0-0: Ball
1-0: Ball
2-0: Foul Ball, location: 2F
2-1: Ball
3-1: Base on Balls
Batting: RHB Logan Namajunas 0-0: Ball
1-0: Called Strike
1-1: Ball
2-1: Called Strike
2-2: Ball
3-2: Strikes out swinging
Batting: SHB Nuygen Vuong 0-0: SINGLE (Groundball, 34D)
Pedro Corona to second
Runner from 2nd tries for 3rd, SAFE, no throw
Batting: RHB Lester Kwiatkowski 0-0: Called Strike
0-1: Ball
1-1: Ball
Wild Pitch!
Pedro Corona scores
Nuygen Vuong to second
2-1: Ball
3-1: Ground out 5-3 (Groundball, 56S)
Bottom of the 2nd over - 1 run, 1 hit, 0 errors, 1 left on base; Thunder Bay 0 - Seattle 1
TOP OF THE 3RD
Thunder Bay Northern Lions BC batting - Pitching for Seattle Aviators : LHP Shigemasa Horiuchi
Batting: RHB Pedro Torres 0-0: Swinging Strike
0-1: Ball
1-1: Ball
2-1: Ball
3-1: Foul Ball, location: 2F
3-2: Strikes out looking
Batting: RHB Ricardo Téllez 0-0: Ball
1-0: Called Strike
1-1: Foul Ball, location: 2F
1-2: Strikes out looking
Batting: RHB Joe Aller 0-0: Ball
1-0: Called Strike
1-1: Swinging Strike
1-2: Foul Ball, location: 2F
1-2: Fly out, F7 (Flyball, 7S)
Top of the 3rd over - 0 runs, 0 hits, 0 errors, 0 left on base; Thunder Bay 0 - Seattle 1
BOTTOM OF THE 3RD
Seattle Aviators batting - Pitching for Thunder Bay Northern Lions BC : RHP Armando Marrero
Batting: RHB Alfredo Méndez 0-0: Ball
1-0: Called Strike
1-1: Ball
2-1: Ground out 4-3 (Groundball, 4)
Batting: RHB Albert Zamudio 0-0: Ball
1-0: Ball
2-0: Ball
3-0: Called Strike
3-1: Base on Balls
Batting: LHB Yoichibei Sato 0-0: Foul Ball, location: 2F
0-1: Called Strike
0-2: Ball
1-2: Foul Ball, location: 2F
1-2: Fly out, F7 (Flyball, 7LS)
Batting: LHB Kenny Webster 0-0: Foul Ball, location: 2F
0-1: Ball
Albert Zamudio is caught stealing 2nd base
Bottom of the 3rd over - 0 runs, 0 hits, 0 errors, 0 left on base; Thunder Bay 0 - Seattle 1
TOP OF THE 4TH
Thunder Bay Northern Lions BC batting - Pitching for Seattle Aviators : LHP Shigemasa Horiuchi
Batting: RHB António Mendoza 0-0: Ball
1-0: Ball
2-0: Ball
3-0: Called Strike
3-1: Called Strike
3-2: Ground out 6-3 (Groundball, 6)
Batting: LHB David Smith 0-0: Swinging Strike
0-1: Foul Ball, location: 2F
0-2: Fly out, F7 (Flyball, 78M)
Batting: RHB Denis Higgins 0-0: Foul Ball, location: 2F
0-1: Foul Ball, location: 2F
0-2: Ball
1-2: Ground out 5-3 (Groundball, 56)
Top of the 4th over - 0 runs, 0 hits, 0 errors, 0 left on base; Thunder Bay 0 - Seattle 1
BOTTOM OF THE 4TH
Seattle Aviators batting - Pitching for Thunder Bay Northern Lions BC : RHP Armando Marrero
Batting: LHB Kenny Webster 0-0: Fly out, F8 (Flyball, 8RS)
Batting: RHB John Downing 0-0: Swinging Strike
0-1: Called Strike
0-2: Ball
1-2: Ball
2-2: Ball
3-2: Base on Balls
Batting: LHB Pedro Corona 0-0: Fly out, F7 (Flyball, 7LSF)
Batting: RHB Logan Namajunas 0-0: Called Strike
0-1: Called Strike
0-2: Strikes out looking
Bottom of the 4th over - 0 runs, 0 hits, 0 errors, 1 left on base; Thunder Bay 0 - Seattle 1
TOP OF THE 5TH
Thunder Bay Northern Lions BC batting - Pitching for Seattle Aviators : LHP Shigemasa Horiuchi
Batting: LHB Luis Freitas 0-0: Called Strike
0-1: Swinging Strike
0-2: Ground out 4-3 (Groundball, 34)
Batting: RHB Bartolo Morales 0-0: Ball
1-0: SINGLE (Groundball, 6MD)
Batting: RHB Edgar Balerio 0-0: Ball
1-0: Fly out, F8 (Flyball, 78D)
Batting: RHB Pedro Torres 0-0: Foul Ball, location: 2F
0-1: Fielders Choice at 2nd, 5-4 (Groundball, 5L)
Top of the 5th over - 0 runs, 1 hit, 0 errors, 1 left on base; Thunder Bay 0 - Seattle 1
BOTTOM OF THE 5TH
Seattle Aviators batting - Pitching for Thunder Bay Northern Lions BC : RHP Armando Marrero
Batting: SHB Nuygen Vuong 0-0: Ball
1-0: Ball
2-0: Ball
3-0: Base on Balls
Batting: RHB Lester Kwiatkowski 0-0: Bunted foul
0-1: Bunted foul
0-2: Ball
1-2: Ball
2-2: Foul Ball, location: 2F
2-2: Foul Ball, location: 2F
2-2: TRIPLE (Line Drive, 8LXD)
Nuygen Vuong scores
Batting: RHB Alfredo Méndez 0-0: Foul Ball, location: 2F
0-1: Ball
1-1: Foul Ball, location: 2F
1-2: Ground out 6-3 (Groundball, 6M)
Lester Kwiatkowski scores
Batting: RHB Albert Zamudio 0-0: Ground out 6-3 (Groundball, 6)
Batting: LHB Yoichibei Sato 0-0: Ball
1-0: Called Strike
1-1: Ball
2-1: Ball
3-1: Base on Balls
Batting: LHB Kenny Webster 0-0: Called Strike
0-1: Called Strike
0-2: Foul Ball, location: 2F
0-2: Ball
Yoichibei Sato steals 2nd base
1-2: Ball
2-2: Foul Ball, location: 2F
2-2: Strikes out swinging
Bottom of the 5th over - 2 runs, 1 hit, 0 errors, 1 left on base; Thunder Bay 0 - Seattle 3
TOP OF THE 6TH
Thunder Bay Northern Lions BC batting - Pitching for Seattle Aviators : LHP Shigemasa Horiuchi
Batting: RHB Ricardo Téllez 0-0: Ball
1-0: Ball
2-0: Foul Ball, location: 2F
2-1: Fly out, F8 (Flyball, 8LM)
Batting: RHB Joe Aller 0-0: SINGLE (Groundball, 4MD)
Batting: RHB António Mendoza 0-0: Ball
1-0: Foul Ball, location: 2F
1-1: Called Strike
1-2: Ball
2-2: Ball
3-2: Fly out, F9 (Flyball, 89M)
Batting: LHB David Smith 0-0: Fly out, F9 (Flyball, 89M)
Top of the 6th over - 0 runs, 1 hit, 0 errors, 1 left on base; Thunder Bay 0 - Seattle 3
BOTTOM OF THE 6TH
Seattle Aviators batting - Pitching for Thunder Bay Northern Lions BC : RHP Armando Marrero
Batting: RHB John Downing 0-0: Foul Ball, location: 2F
0-1: Ball
1-1: Ball
2-1: Ground out 6-3 (Groundball, 6)
Batting: LHB Pedro Corona 0-0: Ball
1-0: Foul Ball, location: 2F
1-1: Fly out, F7 (Flyball, 7S)
Batting: RHB Logan Namajunas 0-0: Called Strike
0-1: Foul Ball, location: 2F
0-2: Ball
1-2: Ball
2-2: Ball
3-2: Ground out 5-3 (Groundball, 56)
Bottom of the 6th over - 0 runs, 0 hits, 0 errors, 0 left on base; Thunder Bay 0 - Seattle 3
TOP OF THE 7TH
Thunder Bay Northern Lions BC batting - Pitching for Seattle Aviators : LHP Shigemasa Horiuchi
Batting: RHB Denis Higgins 0-0: Foul Ball, location: 2F
0-1: Foul Ball, location: 2F
0-2: Ball
1-2: SINGLE (Groundball, 4MD)
Batting: LHB Luis Freitas 0-0: Ball
1-0: Called Strike
1-1: Bunt - Flyout! F1
Batting: RHB Bartolo Morales 0-0: Ball
Passed Ball!
Denis Higgins to second
1-0: Fly out, F9 (Flyball, 9)
Batting: RHB Edgar Balerio 0-0: Swinging Strike
0-1: Ball
1-1: Foul Ball, location: 2F
1-2: Ball
2-2: Strikes out swinging
Top of the 7th over - 0 runs, 1 hit, 0 errors, 1 left on base; Thunder Bay 0 - Seattle 3
BOTTOM OF THE 7TH
Seattle Aviators batting - Pitching for Thunder Bay Northern Lions BC : RHP Armando Marrero
Batting: SHB Nuygen Vuong 0-0: Ball
1-0: Foul Ball, location: 2F
1-1: Ball
2-1: Ball
3-1: Swinging Strike
3-2: Foul Ball, location: 2F
3-2: Strikes out looking
Batting: RHB Lester Kwiatkowski 0-0: Ball
1-0: Ball
2-0: Ball
3-0: Called Strike
3-1: Fly out, F6 (Line Drive, 6)
Batting: RHB Alfredo Méndez 0-0: Ball
1-0: Fly out, F5 (Popup, 5SF)
Bottom of the 7th over - 0 runs, 0 hits, 0 errors, 0 left on base; Thunder Bay 0 - Seattle 3
TOP OF THE 8TH
Thunder Bay Northern Lions BC batting - Pitching for Seattle Aviators : LHP Shigemasa Horiuchi
Batting: RHB Pedro Torres 0-0: SINGLE (Line Drive, 78S)
Batting: RHB Ricardo Téllez 0-0: Called Strike
0-1: Foul Ball, location: 2F
0-2: Strikes out looking
Batting: RHB Joe Aller 0-0: Ball
1-0: Fly out, F4 (Popup, 4S)
Batting: RHB António Mendoza 0-0: Ball
1-0: Ball
2-0: Foul Ball, location: 2F
2-1: Foul Ball, location: 2F
2-2: Fielders Choice at 2nd, 6-4 (Groundball, 56)
Top of the 8th over - 0 runs, 1 hit, 0 errors, 1 left on base; Thunder Bay 0 - Seattle 3
BOTTOM OF THE 8TH
Seattle Aviators batting - Pitching for Thunder Bay Northern Lions BC : RHP Armando Marrero
Batting: RHB Albert Zamudio 0-0: Ball
1-0: Called Strike
1-1: Foul Ball, location: 2F
1-2: Fly out, F9 (Flyball, 9S)
Batting: LHB Yoichibei Sato 0-0: Foul Ball, location: 2F
0-1: Ground out 4-3 (Groundball, 4)
Batting: LHB Kenny Webster 0-0: Ball
1-0: Ball
2-0: Ball
3-0: Base on Balls
Pitching: RHP Anatoly Ivanovich
Batting: RHB John Downing 0-0: Ball
1-0: Ball
2-0: Ball
3-0: Called Strike
3-1: Foul Ball, location: 2F
3-2: Strikes out swinging
Bottom of the 8th over - 0 runs, 0 hits, 0 errors, 1 left on base; Thunder Bay 0 - Seattle 3
TOP OF THE 9TH
Thunder Bay Northern Lions BC batting - Pitching for Seattle Aviators : LHP Shigemasa Horiuchi
Batting: LHB David Smith 0-0: Ground out U3 (Groundball, 3S)
Batting: RHB Denis Higgins 0-0: Ball
1-0: Foul Ball, location: 2F
1-1: Foul Ball, location: 2F
1-2: SINGLE (Groundball, 56D)
Pitching: LHP Holden Rosen Grupp
Batting: LHB Luis Freitas 0-0: Foul Ball, location: 2F
0-1: Ball
1-1: Fielders Choice at 2nd, 2-4 (Groundball, 2L)
Batting: RHB Bartolo Morales 0-0: Ball
1-0: Swinging Strike
1-1: Ball
2-1: Ball
3-1: Base on Balls
Luis Freitas to second
Batting: RHB Edgar Balerio 0-0: Swinging Strike
0-1: Ground out 4-3 (Groundball, 4)
Top of the 9th over - 0 runs, 1 hit, 0 errors, 2 left on base; Thunder Bay 0 - Seattle 3
Wednesday, September 19th, 2018 - OOTP Baseball 18.8 Build 76